Nobbs, chaotic male elven Wizard -------------------------- |>......m..^^^^^^^^^^^^^.| |......@----------------.| -------.------ |.| |...........| |.| |`.`.`...`.`| |.| --------.----| |.| |....`.......| |.| |.`..........| |.| -----.-------- ------|.| |..`.`.`...| --|.....|.| |.....`....| |.+.....|.| |.`.`...`.-- |-|.....|.| -------.---- |.+.....+.| |..`.....| |-|.....|-- |........| |.+.....| |...------ --|.....| ----- ------- Nobbs the Thaumaturge Experience level: 6 Strength: 10 Dexterity: 16 Constitution: 13 Intelligence: 15 Wisdom: 12 Charisma: 11 Health: 0(39) Energy: 44(74) Def: 6 Gold: 391 Moves: 4236 Dungeon seed: gw5-YpkNW5fWPb8k Game ID: Nobbs_1510472433 Your Inventory: Coins $ - 391 gold pieces Wands b - a wand of cold (0:5) C - a wand of fire (0:6) I - a wand of striking (0:3) O - a wand of create monster (0:11) U - a wand of striking (0:7) V - a wand of digging (0:5) Weapons a - a blessed +1 quarterstaff (weapon in hands) Armor e - an uncursed +0 cloak of magic resistance (being worn) y - an uncursed +0 pair of jumping boots (being worn) z - a cursed -2 pair of gauntlets of power named cursed N - an uncursed +0 dwarvish iron helm (being worn) Y - an uncursed +1 leather jacket (being worn) Comestibles M - 4 uncursed tripe rations W - an uncursed lichen corpse Scrolls i - a blessed scroll of remove curse j - an uncursed scroll of identify k - 3 uncursed scrolls of remove curse s - an uncursed scroll of confuse monster t - a blessed scroll of light J - a blessed scroll of earth K - an uncursed scroll of earth Q - 3 uncursed scrolls of blank paper R - a cursed scroll of blank paper Spellbooks l - a blessed spellbook of force bolt m - an uncursed spellbook of wizard lock Potions f - an uncursed potion of sleeping g - an uncursed potion of restore ability h - 2 uncursed potions of gain energy x - an uncursed potion of object detection E - a cursed potion of sleeping Rings c - an uncursed ring of polymorph control (on left hand) d - an uncursed ring of see invisible (on right hand) p - an uncursed ring of free action G - an uncursed ring of teleport control P - a cursed ring of polymorph T - an uncursed ring of free action Tools n - an uncursed blindfold o - an uncursed bugle u - an uncursed magic whistle A - an uncursed lock pick B - an uncursed skeleton key Gems q - 23 uncursed rocks Spells and supernatural/magical abilities: Name Level Category Fail Memory a - force bolt 1 attack 3% 79% w - wizard lock 2 matter 76% 79% W - pray for help -- divine ? -- Y - supernatural jump -- ability ? -- Your skills at the end: Fighting Skills Weapon Skills quarterstaff [Basic] Spellcasting Skills attack spells [Basic] enchantment spells [Basic] Final Attributes: You were piously aligned. You were sleep resistant. You were magic-protected. You saw invisible. You were telepathic. You had infravision. You could jump. You had polymorph control. You are dead. Vanquished creatures: a small mimic a rock piercer a fog cloud a shrieker a gnome lord a red naga hatchling 2 golden naga hatchlings a guardian naga hatchling a straw golem a paper golem a little dog a floating eye 2 kobold shamans 2 hill orcs a rabid rat a centipede 3 giant bats a monkey 3 orc zombies 2 iguanas an acid blob 2 manes 2 giant rats 4 cave spiders a brown mold a yellow mold a red mold 5 gnomes 4 garter snakes a gnome zombie 5 geckos 3 jackals 2 foxes 2 kobolds 2 goblins 2 grid bugs 5 bats 2 lichens 2 kobold zombies 2 newts 77 creatures vanquished. Voluntary challenges: You used a wielded weapon 29 times, starting on turn 357. You read items or engraved 39 times, starting on turn 1777. You never genocided any monsters. You never polymorphed an object. You never changed form. You used no wishes. You never split a pudding. You wrote Elbereth's name 36 times, starting on turn 1777. You never violated your personal moral code. Dungeon overview: The Dungeons of Doom: levels 1 to 6 Level 1 a long staircase Level 2 a fountain stairs to The Gnomish Mines Level 3 an armor shop, a fountain Level 4 Level 5 many fountains Level 6 a sink stairs to Sokoban The Gnomish Mines: Level 3 stairs to The Dungeons of Doom Sokoban: levels 2 to 5 Level 2 <- You were here Level 3 Level 4 Level 5 stairs to The Dungeons of Doom History has recorded: On T:1 you entered the Dungeons of Doom to retrieve the Amulet of Yendor! On T:252 you reached level 2 of The Dungeons of Doom. On T:366 you reached level 1 of The Gnomish Mines. On T:457 you advanced to experience level 2. On T:551 you reached level 3 of The Dungeons of Doom. On T:996 you advanced to experience level 3. On T:1181 you advanced to experience level 4. On T:1343 you reached level 4 of The Dungeons of Doom. On T:1521 you reached level 5 of The Dungeons of Doom. On T:1555 you reached level 6 of The Dungeons of Doom. On T:1755 you advanced to experience level 5. On T:2040 you reached level 4 of Sokoban. On T:2486 you reached level 3 of Sokoban. On T:3309 you reached level 2 of Sokoban. On T:3977 you advanced to experience level 6. On T:4009 you reached level 1 of Sokoban. Score breakdown: Gold: 391 ( 8821 points) Experience: 6 levels (12456 points) Exploration: 6 levels ( 12.24%) ( 9682 points) Discoveries: 7 items ( 2.52%) ( 4760 points) Valuables value: (no points given unless you survive) Artifact value: 0 ( 0 points) Variety of kills: 40 monsters ( 10.50%) ( 9720 points) Turncount: 4236 turns (-1109 points) Survival: died (score multiplied by 80%) Total score: 35464 Latest messages: You miss the giant mimic. The giant mimic hits! (2x) You write in the dust with your fingers. You add to the writing in the dust with your fingers. (2x) You get released! The giant mimic mimics a chicken for a moment! Blecch! Rotten food! You don't feel so weak now. You finish eating the food ration. You displace your horse. The spell hits the giant mimic! The spell hits the giant mimic! The spell misses the giant mimic. The giant mimic hits! (2x) You die... Final status: Goodbye Nobbs the Wizard, killed by a giant mimic... You died in Sokoban on dungeon level 2 with 35464 points, and 391 pieces of gold, after 4236 moves. You were level 6 with a maximum of 39 hit points when you died.